 Dungeon Crawl Stone Soup version 0.32-a0-314-g526f7d4993 (webtiles) character file.

Game seed: 17507961394481385276

3542102 Kenran the Middleweight Champion (level 27, 257/270 HPs)
             Began as a Minotaur Earth Elementalist on Feb 16, 2024.
             Was the Champion of Qazlal.
             Escaped with the Orb
             ... and 5 runes!
             The game lasted 01:58:29 (60268 turns).

Kenran the Middleweight Champion (MiEE)            Turns: 60268, Time: 01:58:30

Health: 257/270    AC: 47    Str: 26    XL:     27
Magic:  31/32      EV: 13    Int: 19    God:    Qazlal [******]
Gold:   4166       SH: 33    Dex: 14    Spells: 26/28 levels left

rFire   + +          +
                       - Unarmed
rCold   + + .        X - +3 tower shield
rNeg    + . .        g - +10 plate armour {Will+}
rPois   +            (helmet unavailable)
rElec   +            p - +2 cloak
rCorr   +            B - +3 pair of gauntlets of War {Slay+5}
SInv    .            o - +2 pair of boots "Wegein" {rF+ Will+}
Will    ++++.        c - amulet "Xedghis" {Spirit rElec rC+ rN+} Stlth
                     n - ring "Vas Hon Pan" {rPois rC+ Int+4 Dex+2}
HPRegen 0.65/turn    S - ring "Benyc" {rF+ rCorr Int+3}
MPRegen 0.23/turn

%: repel missiles, guardian spirit
@: hasted, studying 2 skills, very quick
A: horns 3, retaliatory headbutt, iridescent scales 1, fire resistance 1, low MP
1, subdued magic 1
0: Orb of Zot
}: 5/15 runes: barnacled, slimy, silver, abyssal, gossamer
a: Renounce Religion, Upheaval, Elemental Force, Disaster Area


You escaped.
You worshipped Qazlal.
Qazlal was exalted by your worship.
You visited 11 branches of the dungeon, and saw 53 of its levels.
You visited Pandemonium 1 time, and saw 2 of its levels.
You visited the Abyss 2 times.
You also visited: Volcano.

You collected 6933 gold pieces.
You spent 2767 gold pieces at shops.

Inventory:

Hand Weapons
 R - a +4 demon blade of flaming
Missiles
 t - 3 throwing nets
Armour
 g - a +10 plate armour of willpower (worn)
 j - a scarf of resistance
 o - the +2 pair of boots "Wegein" (worn) {rF+ Will+}
   (You acquired it on level 2 of the Orcish Mines)

   rF+:       It protects you from fire.
   Will+:     It increases your willpower.
 p - a +2 cloak (worn)
 y - a +2 hat of intelligence
 B - the +3 pair of gauntlets of War (worn) {Slay+5}
   (You found it on level 4 of the Spider Nest)

   Slay+5:    It affects your accuracy & damage with ranged weapons and melee
   (+5).
 X - a +3 tower shield (worn)
Jewellery
 c - the amulet "Xedghis" (around neck) {Spirit rElec rC+ rN+}
   (You acquired it on level 3 of the Dungeon)

   [amulet of guardian spirit]

   Spirit:    It causes incoming damage to be divided between your reserves of
   health and magic.
   rC+:       It protects you from cold.
   rElec:     It insulates you from electricity.
   rN+:       It protects you from negative energy.
 m - a ring of poison resistance
 n - the ring "Vas Hon Pan" (left hand) {rPois rC+ Int+4 Dex+2}
   (You took it off a frost giant on level 5 of the Vaults)

   [ring of protection from cold]

   Int+4:     It affects your intelligence (+4).
   Dex+2:     It affects your dexterity (+2).
   rC+:       It protects you from cold.
   rPois:     It protects you from poison
 A - the ring "Onoirph" {AC+4 Slay+3}
   (You found it on level 5 of the Pits of Slime)

   [ring of protection]

   AC+4:      It affects your AC (+4).
   Slay+3:    It affects your accuracy & damage with ranged weapons and melee
   (+3).
 S - the ring "Benyc" (right hand) {rF+ rCorr Int+3}
   (You found it on level 11 of the Dungeon)

   [ring of resist corrosion]

   Int+3:     It affects your intelligence (+3).
   rF+:       It protects you from fire.
   rCorr:     It protects you from acid and corrosion.
 T - a ring of fire
Wands
 k - a wand of roots (68)
 s - a wand of flame (174)
 D - a wand of mindburst (34)
 G - a wand of polymorph (29)
 K - a wand of charming (44)
 U - a wand of light (17)
 W - a wand of digging (22)
Scrolls
 d - 18 scrolls of teleportation
 e - 9 scrolls of poison
 h - 13 scrolls of fear
 q - 6 scrolls of revelation
 C - 6 scrolls of immolation {!r}
 F - 26 scrolls of identify {@r1}
 H - 6 scrolls of fog
 I - 6 scrolls of blinking
 N - 4 scrolls of silence
Potions
 a - 11 potions of attraction {!q}
 b - 4 potions of magic
 f - 9 potions of heal wounds {@q2}
 i - 21 potions of degeneration {!q}
 l - 5 potions of resistance
 r - 9 potions of mutation {!q}
 u - 21 potions of curing {@q1}
 v - 6 potions of ambrosia
 w - 10 potions of enlightenment
 x - 3 potions of invisibility
 z - 9 potions of lignification {!q}
 E - 4 potions of haste
 L - 5 potions of might
 P - 6 potions of berserk rage {!q}
 Q - 4 potions of cancellation
Miscellaneous
 J - a phantom mirror (inert)
 M - a condenser vane
 O - a sack of spiders (inert)
 V - a lightning rod (4/4)


   Skills:
 + Level 26.5 Fighting
 - Level 25.8 Armour
 - Level 12.1 Dodging
 - Level 1.5 Stealth
 - Level 21.1 Shields
 O Level 27 Unarmed Combat
 - Level 1.3 Spellcasting
 - Level 0.6 Conjurations
 - Level 2.4 Earth Magic
 - Level 20.7 Invocations
 - Level 17.0 Evocations


You had 26 spell levels left.
You knew the following spells:

 Your Spells              Type           Power      Damage    Failure   Level
a - Sandblast             Erth           16%        2d6       30%         1
b - Apportation           Tloc           2%         N/A       63%         1

Your spell library contained the following spells:

 Spells                   Type           Power      Damage    Failure   Level
 Magic Dart               Conj           8%         1d3       54%         1
 Foxfire                  Conj/Fire      4%         2x1d4     58%         1
 Shock                    Conj/Air       4%         1d3       58%         1
 Sting                    Conj/Alch      4%         1d3       58%         1
 Freeze                   Ice            4%         1d3       63%         1
 Necrotise                Necr           4%         1d4       63%         1
 Slow                     Hex            4%         N/A       63%         1
 Summon Small Mammal      Summ           4%         N/A       63%         1
 Passwall                 Erth           8%         N/A       67%         3
 Momentum Strike          Conj/Tloc      2%         3d8       73%         2
 Static Discharge         Conj/Air       2%         3-4/arc   73%         2
 Blink                    Tloc           2%         N/A       77%         2
 Call Imp                 Summ           2%         N/A       77%         2
 Cigotuvi's Dreadful Rot  Necr/Alch/Air  2%         N/A       77%         2
 Jinxbite                 Hex            2%         N/A       77%         2
 Lesser Beckoning         Tloc           2%         N/A       77%         2
 Mercury Vapours          Alch/Air       2%         N/A       77%         2
 Scorch                   Fire           2%         2d5       77%         2
 Sublimation of Blood     Necr           1%         N/A       77%         2
 Stone Arrow              Conj/Erth      10%        3d7       80%         3
 Dazzling Flash           Conj/Hex       2%         N/A       92%         3
 Hailstorm                Conj/Ice       1%         3d5       92%         3
 Mephitic Cloud           Conj/Alch/Air  1%         N/A       93%         3
 Call Canine Familiar     Summ           1%         N/A       94%         3
 Confusing Touch          Hex            1%         N/A       94%         3
 Frozen Ramparts          Ice            2%         1d1       94%         3
 Fugue of the Fallen      Necr           1%         N/A       94%         3
 Gell's Gravitas          Tloc           1%         N/A       94%         3
 Ozocubu's Armour         Ice            1%         N/A       94%         3
 Sigil of Binding         Hex            1%         N/A       94%         3
 Swiftness                Air            1%         N/A       94%         3
 Teleport Other           Tloc           1%         N/A       94%         3
 Tukima's Dance           Hex            1%         N/A       94%         3
 Vampiric Draining        Necr           1%         2d6       94%         3
 Volatile Blastmotes      Fire/Tloc      2%         2d10      94%         3
 Animate Armour           Summ/Erth      8%         N/A       99%         4
 Brom's Barrelling Bould  Conj/Erth      5%         2d3       99%         4
 Petrify                  Alch/Erth      4%         N/A       99%         4
 Airstrike                Air            0%         2d(1-17)  100%        4
 Anguish                  Hex/Necr       0%         N/A       100%        4
 Animate Dead             Necr           1%         N/A       100%        4
 Cause Fear               Hex            0%         N/A       100%        4
 Dimensional Bullseye     Hex/Tloc       0%         N/A       100%        4
 Dispel Undead            Necr           1%         3d6       100%        4
 Fulminant Prism          Conj/Alch      0%         3d5       100%        4
 Iskenderun's Mystic Bla  Conj/Tloc      1%         2d3       100%        4
 Manifold Assault         Tloc           1%         N/A       100%        4
 Martyr's Knell           Necr/Summ      1%         N/A       100%        4
 Olgreb's Toxic Radiance  Alch           1%         N/A       100%        4
 Passage of Golubria      Tloc           1%         N/A       100%        4
 Summon Blazeheart Golem  Fire/Summ      1%         N/A       100%        4
 Summon Lightning Spire   Summ/Air       1%         N/A       100%        4
 Vhi's Electric Charge    Tloc/Air       2%         N/A       100%        4
 Alistair's Intoxication  Alch           0%         N/A       100%        5
 Arcjolt                  Conj/Air       0%         1d10      100%        5
 Borgnjor's Vile Clutch   Necr/Erth      2%         N/A       100%        5
 Curse of Agony           Necr           1%         N/A       100%        5
 Fireball                 Conj/Fire      0%         3d3       100%        5
 Iskenderun's Battlesphe  Conj           2%         2d6       100%        5
 Metabolic Englaciation   Hex/Ice        0%         N/A       100%        5
 Silence                  Hex/Air        0%         N/A       100%        5
 Summon Forest            Summ/Tloc      0%         N/A       100%        5
 Summon Mana Viper        Hex/Summ       1%         N/A       100%        5
 Yara's Violent Unravell  Hex/Alch       0%         3d3       100%        5
 Conjure Ball Lightning   Conj/Air       0%         3x3d6     100%        6
 Death Channel            Necr           0%         N/A       100%        6
 Dispersal                Tloc           0%         N/A       100%        6
 Eringya's Noxious Bog    Alch           0%         4d6       100%        6
 Plasma Beam              Fire/Air       0%         2x1d10    100%        6
 Sculpt Simulacrum        Ice/Alch       0%         N/A       100%        6
 Starburst                Conj/Fire      0%         6d3       100%        6
 Summon Cactus Giant      Summ           0%         N/A       100%        6
 Enfeeble                 Hex            0%         N/A       100%        7
 Orb of Destruction       Conj           1%         9d5       100%        7
 Ozocubu's Refrigeration  Ice            0%         4d7       100%        7
 Spellforged Servitor     Conj/Summ      0%         N/A       100%        7
 Summon Hydra             Summ           0%         N/A       100%        7
 Discord                  Hex            0%         N/A       100%        8
 Lehudib's Crystal Spear  Conj/Erth      2%         10d2      100%        8
 Maxwell's Capacitive Co  Air            0%         ∞         100%        8


Dungeon Overview and Level Annotations

Branches:
Dungeon (15/15)            Temple (1/1) D:4            Lair (5/5) D:8
 Shoals (4/4) Lair:3       Spider (4/4) Lair:3        Slime (5/5) Lair:5
    Orc (2/2) D:9             Elf (3/3) Orc:2        Vaults (5/5) D:13
  Crypt (0/3) Vaults:3     Depths (4/4) D:15            Zot (5/5) Depths:4
Volcano (visited)

Altars:
Ashenzari
Cheibriados
Dithmenos
Elyvilon
Fedhas
Gozag
Hepliaklqana
Kikubaaqudgha
Makhleb
Nemelex Xobeh
Okawaru
Qazlal
Ru
Sif Muna
Trog
Uskayaw
Vehumet
Wu Jian
Xom
Yredelemnul
Zin
The Shining One
Beogh
Jiyva

Shops:
D:6 [   D:14 *   Orc:2 ![(*   Elf:1 *   Elf:2 =   Vaults:1 ?!   Vaults:4 *
Depths:1 :=:   Depths:4 *!

Portals:
Hell: Depths:1 Depths:2 Depths:3 Depths:4
Abyss: Depths:3
Pandemonium: Depths:2
Ziggurat: Depths:2

Annotations:
D:6 2 transporters
Temple 2 transporters
Lair:2 1 runed translucent door, mn3067's ghost, journeyman TrFi
Depths:1 2 transporters, Atiunar's ghost, master TrDe


Innate Abilities, Weirdness & Mutations

You have a pair of large horns on your head.
You reflexively headbutt those who attack you in melee.
You are partially covered in iridescent scales. (AC +2)
Your flesh is heat resistant. (rF+)
Your magical capacity is low. (-10% MP)
Your spells are a little easier to cast, but a little less powerful.


Message History

The Hell Sentinel is severely wounded.
The Hell Sentinel gestures at you. You block the iron shot.
You punch the Hell Sentinel!
You headbutt the Hell Sentinel, but do no damage.
The Hell Sentinel is severely wounded.
You pummel the Hell Sentinel!! You headbutt the Hell Sentinel!
The Hell Sentinel is almost dead.
The Hell Sentinel hits you but does no damage. x2
You pummel the Hell Sentinel!!
You kill the Hell Sentinel!
Qazlal accepts your kill.
No target in view!
Magic restored.
There is a stone staircase leading up here.
You climb upwards.
There is a stone staircase leading down here.
HP restored.
There is a stone staircase leading up here.
You climb upwards.
There is a stone staircase leading down here.
There is a stone staircase leading up, spattered with blood here.
You climb upwards.
There is a stone staircase leading down here.
Things that are here:
a +0 whip; a gnoll skeleton
There is a stone staircase leading up, spattered with blood here.
You climb upwards.
There is a stone staircase leading down here.
Things that are here:
a +0 leather armour; a +0 club
There is a stone staircase leading up here.
You climb upwards.
There is a stone staircase leading down here.
A Hell Sentinel comes into view.
You feel yourself speed up. The Hell Sentinel gestures at you.
The sphere of damnation explodes!
The damnation engulfs you!!
There is a staircase leading out of the dungeon here.
You have escaped!

#.# #.###..#### ##...###.### ##.#
#.###..#### ##.....##.##. ...#
#.........# ##.......#.##.
..#######.##.....###..........##.
.................................
..#######.#..≈≈≈≈≈≈≈.........###.
..# #....≈≈...♣.≈≈.......## #.
#.# #...≈≈..♣.○..≈≈.....## #. #.#
#..≈≈..ß☼@.§♣.≈≈...## ## #.#
##.≈..♣...§.ß..≈..## #.#
#.≈.......°...≈..# #.#
#.≈≈.........≈≈..######## #.#
#..≈≈..ß.○♣.≈≈...#....... #.#
##..≈≈♣....≈≈.......##### #.#
##..≈≈§.≈≈≈.....)#.# #.#
#....°......#.....# #.#
##..........#...####


There were no monsters in sight!

Vanquished Creatures
  the Royal Jelly (Slime:5)
  3 ancient liches (Zot:5)
  7 dread liches
  4 orbs of fire
  2 juggernauts
  3 pandemonium lords
  3 Killer Klowns (Zot:5)
  2 curse toes
  2 caustic shrikes (Depths:3)
  17 golden dragons
  4 bone dragons
  Arachne (Spider:3)
  the Enchantress (Depths:3)
  A Brimstone Fiend (Depths:1)
  3 doom hounds (Depths:3)
  5 electric golems
  3 Tzitzimimeh
  Rupert (D:15)
  29 Orb Guardians
  3 Hell Sentinels
  15 tentacled monstrosities
  A walking earthen tome (Depths:2)
  17 acid blobs
  Grunn (Depths:3)
  6 liches
  8 quicksilver dragons
  Asterion (Vaults:3)
  2 deep elf blademasters
  5 titans
  Gastronok (Lair:2)
  3 deep elf master archers (Elf:3)
  The ghost of Mosem the Wrestler, an adept TrSh of the Shining One (Spider:2)
  7 sphinxes
  Agnes (Elf:2)
  3 death cobs
  3 tentacled starspawn (Abyss:3)
  Frances (Spider:2)
  Polyphemus (Shoals:4)
  2 Executioners
  12 tengu reavers
  20 storm dragons
  14 shadow dragons
  5 draconian monks
  9 protean progenitors
  Ilsuiw (Shoals:2)
  11 azure jellies
  Donald (Spider:3)
  A revenant (Abyss:3)
  10 fire giants
  5 frost giants
  7 rockslimes (Slime:5)
  3 emperor scorpions
  4 draconian knights
  3 ghost moths
  2 demonspawn warmongers (Pan)
  7 draconian shifters
  3 iron dragons
  5 deep elf elementalists (Elf:3)
  4 balrugs
  4 draconian scorchers
  15 vault wardens
  7 deep elf sorcerers
  20 ironbound preservers
  5 broodmothers
  A demonspawn corrupter (Pan)
  A reaper (Pan)
  6 demonspawn blood saints
  8 draconian annihilators
  4 spriggan defenders
  5 draconian stormcallers
  8 quicksilver oozes
  5 formless jellyfish
  2 cacodemons
  6 ironbound thunderhulks
  31 very ugly things
  18 stone giants
  4 elemental wellsprings (Shoals:3)
  10 deep elf death magi
  2 vampire knights
  14 green draconians
  5 deep elf demonologists
  10 black draconians
  2 demonspawn black suns (Pan)
  3 lorocyprocas
  8 deep elf annihilators
  2 bunyips (Zot:2)
  A putrid mouth (Depths:3)
  2 war gargoyles
  The ghost of Xetatan the Brawler, a journeyman DrMo of Yredelemnul (D:15)
  9 white draconians
  15 dire elephants
  7 spark wasps
  15 red draconians
  14 yellow draconians
  An eidolon (Abyss:3)
  11 purple draconians
  4 blizzard demons
  10 fire dragons
  3 crystal guardians
  23 ettins
  3 jiangshi (Depths:1)
  8 merfolk javelineers
  17 yaktaur captains
  7 deep elf high priests
  4 merfolk impalers
  3 entropy weavers
  7 rakshasas
  27 vault guards
  7 hydras
  9 spriggan air magi
  14 great orbs of eyes
  10 ice dragons
  5 merfolk avatars
  5 ogre magi (Vaults:5)
  Erica (D:7)
  8 centaur warriors
  2 catoblepae
  2 hell beasts
  4 peacekeepers
  9 ironbound frosthearts
  5 radroaches
  4 satyrs (Shoals:4)
  3 jorogumos
  2 merfolk aquamancers
  32 dancing weapons
  9 boulder beetles
  A torpor snail (shapeshifter) (Depths:2)
  4 alligator snapping turtles
  10 death yaks
  A vampire mage (Depths:1)
  10 two-headed ogres
  A death knight (D:14)
  3 deep troll shamans
  A naga warrior (Abyss:3)
  2 tengu warriors
  7 demonic crawlers
  7 deep troll earth magi
  9 spriggan berserkers
  4 hell hogs
  6 thrashing horrors
  8 spriggans
  13 hell knights
  An occultist (Depths:3)
  Urug (Lair:5)
  16 deep elf knights
  4 soul eaters (Pan)
  9 sun demons
  The ghost of Essalna the Destroyer, a novice DEEE of Vehumet (D:11)
  6 pharaoh ants
  7 wretched stars
  7 skeletal warriors
  Lodul (D:11)
  6 sixfirhies
  8 skysharks
  A shadow wraith (Abyss:3)
  2 iron trolls (Depths:4)
  12 sea snakes
  A shadow demon (Pan)
  A cherub (Pan)
  A swamp dragon (Lair:5)
  2 orange crystal statues
  11 deep elf archers
  A glowing orange brain (shapeshifter) (Depths:3)
  4 flayed ghosts
  54 deep trolls
  A deep troll (shapeshifter) (Depths:2)
  10 arcanists
  A glowing orange brain (Depths:2)
  7 orb spiders
  22 ironbound convokers
  2 sun moths
  8 large abominations
  3 phantasmal warriors
  26 harpies
  8 steelbarb worms
  5 lindwurms
  A sun moth (shapeshifter) (Vaults:5)
  7 necromancers
  24 deep elf zephyrmancers
  14 orc knights
  33 ugly things
  32 deep elf pyromancers
  3 worldbinders (Abyss:3)
  A human zombie (Vaults:5)
  An orc sorcerer (Elf:1)
  14 manticores
  11 cyclopes
  Maurice (D:9)
  A manticore (shapeshifter) (Depths:2)
  21 fauns
  An alligator skeleton (Volcano)
  5 kobold blastminers (Orc:2)
  17 wolf spiders
  23 moths of wrath
  A guardian serpent (shapeshifter) (Vaults:5)
  A fire giant skeleton (Vaults:5)
  6 torpor snails
  23 vault sentinels
  A meliai (shapeshifter) (D:15)
  10 elephants
  7 merfolk sirens
  A centaur skeleton (D:15)
  5 water nymphs
  A guardian serpent (Abyss:3)
  9 black mambas
  A rust devil (Pan)
  4 gargoyles
  4 orange demons
  13 cane toads
  9 smoke demons
  A hellion (Pan)
  14 komodo dragons
  6 rime drakes
  2 unseen horrors
  Jeremiah (D:7)
  3 kobold demonologists
  5 freezing wraiths
  38 yaktaurs
  A tormentor (Pan)
  2 efreet
  7 tengu conjurers
  An ice devil (Zot:3)
  19 merfolk
  An ancient zyme (Abyss:3)
  A human skeleton (Vaults:5)
  5 trolls
  4 hellwings
  12 polar bears
  A polar bear (shapeshifter) (Depths:1)
  A silent spectre (Abyss:3)
  A red devil (D:15)
  28 tarantellas
  Grinder (D:3)
  5 hornets
  7 wind drakes
  2 harpy skeletons
  9 raiju
  37 blink frogs
  6 dream sheep (Lair:5)
  A blink frog (shapeshifter) (D:15)
  6 snapping turtles
  22 jumping spiders
  3 glass eyes
  10 water elementals
  2 air elementals
  8 wyverns
  87 slime creatures
  14 culicivoras
  6 wraiths
  2 centaur simulacra (D:15)
  A vampire (D:10)
  7 ynoxinuls
  4 fire elementals
  A spriggan (shapeshifter) (Elf:3)
  9 wargs
  47 yaks
  8 basilisks
  7 golden eyes
  3 neqoxecs (Pan)
  A redback (shapeshifter) (Vaults:5)
  14 starcursed masses (Abyss:3)
  50 redbacks
  2 steam dragons (Lair:5)
  17 vampire mosquitoes
  A death yak simulacrum (Lair:3)
  7 chaos spawn
  6 small abominations
  A swamp worm (shapeshifter) (Vaults:5)
  An acid dragon (Lair:5)
  A naga (Abyss:3)
  11 hell hounds (Lair:5)
  11 water moccasins
  5 swamp drakes
  38 orc warriors
  13 black bears
  2 sky beasts (D:7)
  A hornet zombie (D:15)
  12 laughing skulls
  13 ogres
  4 boggarts
  28 wolves
  18 centaurs
  19 bullfrogs
  9 kobold brigands
  A gnoll sergeant (D:9)
  5 weeping skulls
  2 earth elementals
  4 scorpions
  A cane toad simulacrum (Lair:3)
  11 wights
  6 killer bees (D:10)
  5 electric eels
  A spriggan skeleton (Volcano)
  A howler monkey (D:5)
  A troll skeleton (Volcano)
  2 jellies
  11 orc priests
  2 bombardier beetles
  2 gnoll boudas
  2 hounds
  Jessica (D:3)
  Ijyb (D:3)
  3 iguanas
  20 orc wizards
  2 polar bear simulacra (Lair:3)
  2 naga skeletons (Volcano)
  A boggart simulacrum (D:15)
  28 gnolls
  8 adders
  3 shadow imps
  2 white imps
  2 ufetubi (Abyss:3)
  A dart slug (D:2)
  4 ribbon worms
  78 orcs
  2 bats
  8 endoplasms
  4 giant cockroaches
  4 goblins
  10 hobgoblins
  6 jackals
  5 quokkas
  8 ball pythons
  3 frilled lizards
  78 kobolds
  8 rats
  2 aspiring fleshes
  2 starspawn tentacles (Abyss:3)
2580 creatures vanquished.

Vanquished Creatures (collateral kills)
  Nikola (Shoals:1)
  Jory (Vaults:2)
  A vault warden (Vaults:4)
  An entropy weaver (Spider:3)
  2 deep elf knights (Elf:2)
  A skeletal warrior (Volcano)
  An ironbound convoker (Vaults:4)
  3 yaktaurs
  A jumping spider (Spider:3)
12 creatures vanquished.

Vanquished Creatures (others)
  A fire giant (Depths:2)
  A deep elf sorcerer (Elf:3)
  2 blizzard demons
  A merfolk aquamancer (Shoals:4)
  A manticore (Shoals:3)
  A merfolk siren (Shoals:4)
  A merfolk (Shoals:3)
  A fire elemental (Elf:3)
  An orc (Orc:2)
  3 starspawn tentacles (Abyss:3)
13 creatures vanquished.

Grand Total: 2605 creatures vanquished

Notes
Turn   | Place    | Note
-------+----------+-------------------------------------------
     0 | D:1      | Kenran the Minotaur Earth Elementalist began the quest for
                  | the Orb.
     0 | D:1      | Reached XP level 1. HP: 14/14 MP: 1/1
   125 | D:1      | Reached skill level 1 in Unarmed Combat
   169 | D:1      | Reached XP level 2. HP: 20/20 MP: 3/3
   260 | D:1      | Reached skill level 2 in Unarmed Combat
   471 | D:1      | Reached skill level 3 in Unarmed Combat
   471 | D:1      | Reached XP level 3. HP: 17/26 MP: 4/4
   835 | D:2      | Found an iron altar of Okawaru.
   872 | D:2      | Reached skill level 4 in Unarmed Combat
   945 | D:2      | Reached XP level 4. HP: 33/33 MP: 5/5
  1550 | D:3      | Noticed Ijyb
  1567 | D:3      | Killed Ijyb
  1568 | D:3      | Reached skill level 5 in Unarmed Combat
  1568 | D:3      | Reached XP level 5. HP: 34/38 MP: 6/6
  1614 | D:3      | Noticed Grinder
  1971 | D:3      | Reached skill level 6 in Unarmed Combat
  2175 | D:3      | Reached XP level 6. HP: 16/45 MP: 7/7
  2328 | D:3      | Paralysed by Grinder for 3 turns
  2340 | D:3      | Killed Grinder
  2341 | D:3      | Reached skill level 7 in Unarmed Combat
  2550 | D:4      | Found a basalt altar of Yredelemnul.
  2582 | D:4      | Found an opulent altar of Gozag.
  2627 | D:4      | Found a staircase to the Ecumenical Temple.
  2636 | Temple   | Found a transporter.
  2636 | Temple   | Found a transporter.
  2636 | Temple   | Found a transporter.
  2636 | Temple   | Found a transporter.
  2636 | Temple   | Entered the Ecumenical Temple
  2652 | Temple   | Became a worshipper of Ru the Awakened
  2679 | Temple   | Fell from the grace of Ru
  2679 | Temple   | Became a worshipper of Qazlal Stormbringer
  2802 | D:4      | Found an ornate altar of the Wu Jian Council.
  2838 | D:4      | Found a burning altar of Makhleb.
  2842 | D:4      | Reached skill level 8 in Unarmed Combat
  2842 | D:4      | Reached XP level 7. HP: 49/50 MP: 8/8
  2989 | D:4      | Found a hide-covered altar of Uskayaw.
  3171 | D:3      | Noticed Jessica
  3176 | D:3      | Killed Jessica
  3302 | D:3      | Found a blossoming altar of Fedhas.
  3403 | D:3      | Identified a scroll of acquirement
  3404 | D:3      | Acquired the amulet "Xedghis" {Spirit rElec rC+ rN+}
  3437 | D:5      | Entered Level 5 of the Dungeon
  3530 | D:5      | Reached * piety under Qazlal
  3633 | D:5      | Reached skill level 9 in Unarmed Combat
  3902 | D:5      | Found a bloodstained altar of Trog.
  4162 | D:5      | Reached skill level 10 in Unarmed Combat
  4162 | D:5      | Reached XP level 8. HP: 49/57 MP: 9/9
  4222 | D:5      | Reached skill level 1 in Fighting
  4222 | D:5      | Reached skill level 1 in Armour
  4397 | D:5      | Reached ** piety under Qazlal
  4995 | D:6      | Reached skill level 11 in Unarmed Combat
  5191 | D:6      | Found a transporter.
  5191 | D:6      | Found Worixent's Antique Armour Emporium.
  5251 | D:6      | Reached *** piety under Qazlal
  5467 | D:6      | Found a transporter.
  5626 | D:7      | Reached XP level 9. HP: 71/71 MP: 10/10
  5806 | D:7      | Noticed Jeremiah
  5812 | D:7      | Killed Jeremiah
  5813 | D:7      | Reached skill level 5 in Armour
  5813 | D:7      | Reached skill level 12 in Unarmed Combat
  5857 | D:7      | Reached skill level 5 in Fighting
  6394 | D:8      | Noticed Erica
  6426 | D:7      | Killed Erica
  6622 | D:8      | Noticed a two-headed ogre
  6624 | D:8      | Noticed a komodo dragon
  6641 | D:8      | Noticed a komodo dragon
  6654 | D:7      | Killed a komodo dragon
  6655 | D:7      | Reached XP level 10. HP: 90/90 MP: 11/11
  6844 | D:8      | Killed a two-headed ogre
  6845 | D:8      | Reached skill level 13 in Unarmed Combat
  6952 | D:8      | Reached skill level 10 in Fighting
  6965 | D:8      | Noticed a two-headed ogre
  6973 | D:8      | Killed a two-headed ogre
  7109 | D:8      | Found a staircase to the Lair.
  7177 | D:8      | Reached skill level 14 in Unarmed Combat
  7296 | D:9      | Identified the ring "Orekhapt" {Str+6 Int+4}
  7303 | D:9      | Noticed a two-headed ogre
  7312 | D:9      | Killed a two-headed ogre
  7326 | D:9      | Reached **** piety under Qazlal
  7334 | D:9      | Found a staircase to the Orcish Mines.
  7613 | D:9      | Noticed Maurice
  7615 | D:9      | Maurice stole a ring of flight
  7631 | D:9      | Maurice stole a throwing net
  7632 | D:9      | Maurice stole 676 gold
  7637 | D:9      | Killed Maurice
  7638 | D:9      | Reached skill level 15 in Unarmed Combat
  7638 | D:9      | Reached XP level 11. HP: 86/99 MP: 10/12
  8238 | D:10     | Entered Level 10 of the Dungeon
  8242 | D:10     | Noticed a two-headed ogre
  8250 | D:10     | Killed a two-headed ogre
  8469 | D:10     | Found a radiant altar of Vehumet.
  8484 | D:10     | Reached skill level 16 in Unarmed Combat
  8910 | D:10     | Found an ancient bone altar of Kikubaaqudgha.
  8917 | D:10     | Acquired 1198 gold pieces
  8985 | Lair:1   | Entered Level 1 of the Lair of Beasts
  9252 | Lair:1   | Reached ***** piety under Qazlal
  9423 | Lair:1   | Reached skill level 10 in Armour
 10029 | Lair:2   | Reached skill level 1 in Shields
 10152 | Lair:2   | Reached XP level 12. HP: 86/106 MP: 13/13
 10559 | Lair:2   | Reached skill level 5 in Shields
 10671 | Lair:2   | Reached skill level 1 in Invocations
 11090 | Lair:2   | Found a runed translucent door.
 11093 | Lair:2   | Noticed mn3067's ghost (journeyman TrFi)
 11094 | Lair:2   | Identified the +1 trident of Yshreffish {heavy, rN+ MP-9
                  | Dex+3}
 11134 | Lair:2   | Noticed Gastronok
 11145 | Lair:2   | Killed Gastronok
 11437 | Lair:3   | Reached skill level 5 in Dodging
 11493 | Lair:3   | Found a dark tunnel.
 11498 | Volcano  | Entered a volcano
 11611 | Volcano  | Reached skill level 5 in Invocations
 11611 | Volcano  | Reached XP level 13. HP: 24/117 MP: 7/15
 12629 | Lair:3   | Found a hole to the Spider Nest.
 12837 | Lair:3   | Found a staircase to the Shoals.
 13006 | Lair:3   | Reached skill level 10 in Invocations
 13733 | Lair:4   | Reached XP level 14. HP: 95/129 MP: 20/20
 14395 | Lair:5   | Entered Level 5 of the Lair of Beasts
 14475 | Lair:5   | Found a staircase to the Slime Pits.
 14476 | Lair:5   | Found a viscous altar of Jiyva.
 14601 | Lair:5   | Reached skill level 17 in Unarmed Combat
 15124 | Lair:5   | Reached ****** piety under Qazlal
 15536 | Lair:5   | Noticed Urug
 15545 | Lair:5   | Killed Urug
 15546 | Lair:5   | Reached skill level 15 in Fighting
 15593 | Lair:5   | Reached skill level 18 in Unarmed Combat
 16411 | D:11     | Found a snail-covered altar of Cheibriados.
 16510 | D:11     | Noticed Lodul
 16524 | D:11     | Killed Lodul
 16685 | D:11     | Found a runed translucent door.
 16686 | D:11     | Noticed Essalna's ghost (novice DEEE)
 16686 | D:11     | Found the +3 hat of Pondering {ponderous, Will+ MP+10
                  | Int+5}
 17024 | D:11     | Killed Essalna's ghost
 17034 | D:11     | Identified the ring "Benyc" {rF+ rCorr Int+3}
 17281 | D:12     | Reached XP level 15. HP: 144/144 MP: 21/21
 17287 | D:12     | Identified the +5 rapier of the Twenty Lives {flame, rCorr
                  | Str+3 Int-4 Dex+8}
 17499 | D:12     | Reached skill level 19 in Unarmed Combat
 17641 | D:12     | Identified the +9 war axe of the Illusory Places {heavy,
                  | rC++ Will+ MP-9 Str+3}
 18885 | D:13     | Found a gate to the Vaults.
 19123 | D:13     | Reached skill level 20 in Unarmed Combat
 19566 | D:14     | Found Kyum's Overcharged Wands.
 19936 | D:15     | Entered Level 15 of the Dungeon
 20279 | D:15     | Found a staircase to the Depths.
 20329 | D:15     | Found a runed translucent gate.
 20330 | D:15     | Found a runed translucent gate.
 20331 | D:15     | Found a runed translucent gate.
 20332 | D:15     | Noticed Xetatan's ghost (journeyman DrMo)
 20352 | D:15     | Noticed Rupert
 20374 | D:15     | Killed Rupert
 20724 | D:15     | Found a roughly hewn altar of Beogh.
 20862 | D:15     | Killed Xetatan's ghost
 20881 | D:15     | Identified the +0 pair of gloves of the Weaver {Harm rPois
                  | rC+}
 21141 | Orc:1    | Entered Level 1 of the Orcish Mines
 21264 | Orc:2    | Entered Level 2 of the Orcish Mines
 21292 | Orc:2    | Reached XP level 16. HP: 123/154 MP: 6/23
 22498 | Orc:2    | Found a staircase to the Elven Halls.
 22664 | Orc:2    | Found Raeps's Antique Armour Shoppe.
 22664 | Orc:2    | Found Pupaem's Antique Weapon Boutique.
 22666 | Orc:2    | Found Oconimav's General Store.
 22668 | Orc:2    | Found Koozuhem's Distillery.
 22675 | Orc:2    | Bought a scroll of acquirement for 884 gold pieces
 22675 | Orc:2    | Bought a scroll of identify for 34 gold pieces
 22680 | Orc:2    | Bought a potion of curing for 33 gold pieces
 22680 | Orc:2    | Bought a potion of curing for 33 gold pieces
 22680 | Orc:2    | Bought a potion of might for 44 gold pieces
 22680 | Orc:2    | Bought a potion of haste for 110 gold pieces
 22680 | Orc:2    | Bought 2 potions of haste for 220 gold pieces
 22680 | Orc:2    | Bought a potion of invisibility for 88 gold pieces
 22682 | Orc:2    | Acquired the +2 pair of boots "Wegein" {rF+ Will+}
 22992 | Spider:1 | Entered Level 1 of the Spider Nest
 24037 | Spider:2 | Reached skill level 10 in Shields
 24100 | Spider:2 | Found a runed translucent door.
 24104 | Spider:2 | Noticed Mosem's ghost (adept TrSh)
 24126 | Spider:2 | Noticed Frances
 24146 | Spider:2 | Killed Frances
 24592 | Spider:2 | Killed Mosem's ghost
 24601 | Spider:2 | Identified the +1 scale mail of the Engineer {Will+ Str-5
                  | Stlth+}
 24677 | Spider:3 | Noticed Arachne
 24778 | Spider:3 | Killed Arachne
 25097 | Spider:3 | Identified the +0 cloak of Sif Muna's Esteem {rElec Int+2}
 25330 | Spider:3 | Reached skill level 15 in Armour
 25336 | Spider:3 | Noticed Donald
 25354 | Spider:3 | Killed Donald
 25355 | Spider:3 | Reached XP level 17. HP: 62/165 MP: 8/25
 25969 | Spider:4 | Entered Level 4 of the Spider Nest
 26007 | Spider:4 | Identified the +1 sling of Joadott {heavy, rElec rPois
                  | Stlth-}
 26761 | Spider:4 | Found the +3 pair of gauntlets of War {Slay+5}
 26857 | Spider:4 | Got a gossamer rune of Zot
 26972 | Shoals:1 | Entered Level 1 of the Shoals
 27315 | Shoals:2 | Noticed Ilsuiw
 27362 | Shoals:2 | Killed Ilsuiw
 27746 | Shoals:4 | Entered Level 4 of the Shoals
 28156 | Shoals:4 | Noticed Polyphemus
 28173 | Shoals:4 | Killed Polyphemus
 28643 | Shoals:4 | Reached XP level 18. HP: 173/178 MP: 27/27
 29023 | Shoals:4 | Reached skill level 15 in Invocations
 29027 | Shoals:4 | Reached skill level 21 in Unarmed Combat
 29288 | Shoals:4 | Identified the +1 pair of boots of the Lotus Blossom
                  | {Int+4}
 29334 | Shoals:4 | Got a barnacled rune of Zot
 30526 | Shoals:1 | Noticed Nikola
 30555 | Shoals:1 | Killed Nikola
 31228 | Vaults:1 | Entered Level 1 of the Vaults
 31337 | Vaults:1 | Reached skill level 22 in Unarmed Combat
 31394 | Vaults:1 | Found Ucotwol's Distillery.
 31468 | Vaults:1 | Bought a potion of curing for 60 gold pieces
 31468 | Vaults:1 | Bought a potion of haste for 200 gold pieces
 31468 | Vaults:1 | Bought a potion of ambrosia for 160 gold pieces
 31805 | Vaults:1 | Found Cyunaan's Magic Scroll Boutique.
 32278 | Vaults:1 | Reached XP level 19. HP: 153/185 MP: 23/29
 32820 | Vaults:2 | Noticed Jory
 32835 | Vaults:2 | Killed Jory
 34675 | Vaults:3 | Reached skill level 15 in Shields
 34717 | Vaults:3 | Noticed Asterion
 34721 | Vaults:3 | Killed Asterion
 34948 | Vaults:3 | Found a staircase to the Crypt.
 34948 | Vaults:3 | Found a basalt altar of Yredelemnul.
 34948 | Vaults:3 | Found an ancient bone altar of Kikubaaqudgha.
 35187 | Vaults:4 | Reached XP level 20. HP: 187/195 MP: 27/30
 36194 | Vaults:4 | Found Arei's General Store.
 36207 | Vaults:4 | Bought a scroll of enchant armour for 165 gold pieces
 36597 | Elf:1    | Entered Level 1 of the Elven Halls
 36743 | Elf:1    | Reached skill level 23 in Unarmed Combat
 36808 | Elf:1    | Got Sif Muna's Spellbook of the Legion
 36921 | Elf:1    | Found Comniete's General Store.
 37012 | Elf:1    | Found a shimmering blue altar of Sif Muna.
 37788 | Elf:2    | Paralysed by an air elemental for 1 turns
 37789 | Elf:2    | Found the +13 scythe of Curses {drain, curses, ^Drain}
 37830 | Elf:2    | Found a runed translucent gate.
 37830 | Elf:2    | Found a runed translucent gate.
 37830 | Elf:2    | Found a runed translucent gate.
 37856 | Elf:2    | Found Ygri Kat's Jewellery Shoppe.
 38095 | Elf:2    | Noticed Agnes
 38096 | Elf:2    | Reached skill level 24 in Unarmed Combat
 38097 | Elf:2    | Killed Agnes
 38119 | Elf:2    | Reached XP level 21. HP: 132/207 MP: 18/31
 38562 | Elf:2    | Identified the blade talisman "Nahidolyo" {Dex+2 Slay+2}
 38641 | Elf:3    | Entered Level 3 of the Elven Halls
 39184 | Elf:3    | Identified the +3 battleaxe of Sudden Death {elec, rF+}
 39185 | Elf:3    | Identified the staff of Light {rPois Str+7 Alchemy}
 39619 | Elf:3    | Identified the ring "Xuep" {rN+ Will+}
 39621 | Elf:3    | Identified the +0 chain mail of the Gate {*Corrode rElec
                  | Stlth+}
 39960 | Elf:3    | Identified the +1 leather armour "Gamau" {Harm rC+ Will+
                  | Slay-5}
 39982 | Elf:3    | Reached skill level 10 in Dodging
 39990 | Elf:3    | Identified the ring of the Stag {Ice MP+9 Str+2 Int+3}
 40015 | Elf:3    | Identified the +3 shortbow "Ozulis" {flame, rC+++ Int+3
                  | Stlth-}
 40296 | Elf:3    | Identified the +0 ring mail "Wypifeh" {rC- Int+8 SInv}
 40325 | Elf:3    | Got Xyaklouta's Tome of Carrion and Burning
 40749 | Depths:1 | Entered Level 1 of the Depths
 41055 | Depths:1 | Found Megasmi's Jewellery Emporium.
 41056 | Depths:1 | Found Mixariclu's Book Boutique.
 41056 | Depths:1 | Found Dopres's Book Boutique.
 41096 | Depths:1 | Found a transporter.
 41107 | Depths:1 | Learned a level 1 spell: Apportation
 41112 | Depths:1 | Noticed a caustic shrike
 41113 | Depths:1 | Noticed Atiunar's ghost (master TrDe)
 41128 | Depths:1 | Noticed a golden dragon
 41138 | Depths:1 | Found a transporter.
 41259 | Depths:1 | Found a white marble altar of Elyvilon.
 41311 | Depths:1 | Found a gateway to Hell.
 41419 | Depths:1 | Found a glowing golden altar of the Shining One.
 41697 | Depths:2 | Found a one-way gateway to a ziggurat.
 41758 | Depths:2 | Reached XP level 22. HP: 175/215 MP: 27/32
 41779 | Depths:2 | Gained mutation: You are dopey. (Int -2) [a shining eye]
 42376 | Depths:2 | Found a one-way gate leading to the halls of Pandemonium.
 42750 | Depths:2 | Reached skill level 25 in Unarmed Combat
 42913 | Depths:2 | Noticed a juggernaut
 42926 | Depths:2 | Killed a juggernaut
 43464 | Depths:3 | Noticed Grunn
 43537 | Depths:4 | Entered Level 4 of the Depths
 43537 | Depths:4 | Found a broken altar of Ashenzari.
 43553 | Depths:4 | Noticed a dread lich
 43583 | Depths:4 | Killed a dread lich
 43966 | Depths:4 | Identified the +3 quarterstaff of Ruination {drain, rC+
                  | Will+}
 44046 | Depths:4 | Found Bumuetri's Blood Bar.
 44069 | Depths:4 | Found Ityuraots's Distillery.
 44079 | Depths:4 | Bought a potion of haste for 230 gold pieces
 44079 | Depths:4 | Bought a potion of curing for 69 gold pieces
 44079 | Depths:4 | Bought a potion of heal wounds for 115 gold pieces
 44079 | Depths:4 | Bought a potion of haste for 230 gold pieces
 44079 | Depths:4 | Bought a potion of might for 92 gold pieces
 44210 | Depths:4 | Noticed a golden dragon
 44225 | Depths:4 | Killed a golden dragon
 44255 | Depths:4 | Reached XP level 23. HP: 202/225 MP: 29/33
 44282 | Depths:4 | Found a gate to the Realm of Zot.
 44753 | Depths:3 | Identified the +4 sling "Ibrepok" {freeze, rC+ Str+3 Int+6}
 44830 | Depths:3 | Found a one-way gate to the infinite horrors of the Abyss.
 44860 | Depths:3 | Reached skill level 26 in Unarmed Combat
 44869 | Depths:3 | Killed Grunn
 45250 | Depths:3 | Identified the +8 orcbow "Dragonbane" {elec, *Slow Dex+3
                  | Stlth+}
 45939 | Depths:3 | Identified the ring "Sanutwou" {Will+ Stlth+}
 45939 | Depths:3 | Noticed the Enchantress
 45940 | Depths:3 | Noticed a caustic shrike
 45948 | Depths:3 | Killed a caustic shrike
 45959 | Depths:3 | Killed the Enchantress
 46011 | Depths:3 | Noticed a juggernaut
 46027 | Depths:3 | Killed a juggernaut
 46170 | Depths:3 | Noticed a caustic shrike
 46178 | Depths:3 | Killed a caustic shrike
 46658 | Vaults:5 | Entered Level 5 of the Vaults
 46969 | Vaults:5 | Got a silver rune of Zot
 46972 | Vaults:5 | Identified the staff "Ufoa" {rPois Conj Alchemy}
 46997 | Vaults:5 | Paralysed by a hornet for 3 turns
 47144 | Vaults:5 | Noticed a dread lich
 47153 | Vaults:5 | Killed a dread lich
 47154 | Vaults:5 | Reached XP level 24. HP: 237/237 MP: 34/34
 47207 | Vaults:5 | Identified the +8 whip of Rubbish {speed, Str+8}
 47316 | Vaults:5 | Noticed a dread lich
 47323 | Vaults:5 | Killed a dread lich
 47478 | Vaults:5 | Reached skill level 27 in Unarmed Combat
 47499 | Vaults:5 | Noticed a dread lich
 47508 | Vaults:5 | Killed a dread lich
 47536 | Vaults:5 | Identified the +3 scimitar of the Twisting Coward {pain,
                  | rElec}
 47692 | Vaults:5 | Reached skill level 1 in Evocations
 47776 | Vaults:5 | Noticed a dread lich
 47782 | Vaults:5 | Killed a dread lich
 47840 | Vaults:5 | Identified the +11 quarterstaff "Ganuek" {freeze, rC- rCorr
                  | Str+2 Dex+5}
 47840 | Vaults:5 | Identified the ring "Vas Hon Pan" {rPois rC+ Int+4 Dex+2}
 48009 | Vaults:5 | Identified the +1 robe of Anaesthesia {Will+ Int+5}
 48038 | Vaults:5 | Identified the +3 ring mail of Valour {rC+ rN+}
 48303 | Vaults:5 | Identified the ring of Beeviwuxoe {rF+ Will+ SInv Stlth-}
 48357 | Vaults:5 | Identified the +0 pair of gloves of the Vacuum {*Slow Fly
                  | rCorr Stlth+}
 48360 | Vaults:5 | Identified the +0 pair of boots of the Impish Jabberwock
                  | {rC+ rN+}
 48474 | Vaults:5 | Noticed a dread lich
 48489 | Vaults:5 | Killed a dread lich
 48810 | Zot:1    | Entered Level 1 of the Realm of Zot
 48978 | Zot:1    | Reached skill level 5 in Evocations
 49347 | Zot:1    | Got the Meditations on Non-Euclidean Ill Luck
 50333 | Zot:2    | Reached XP level 25. HP: 220/244 MP: 32/35
 50611 | Zot:2    | Gained mutation: Your spells are a little easier to cast,
                  | but a little less powerful. [mutagenic glow]
 50971 | Zot:2    | Identified the +5 mace of Miri Ats {flame, Dex+4}
 51356 | Zot:3    | Acquired 598 gold pieces
 51552 | Zot:3    | Reached skill level 10 in Evocations
 51762 | Zot:3    | Found a shimmering blue altar of Sif Muna.
 53110 | Zot:4    | Noticed an orb of fire
 53126 | Zot:4    | Killed an orb of fire
 53274 | Zot:5    | Entered Level 5 of the Realm of Zot
 53729 | Zot:5    | Reached XP level 26. HP: 242/254 MP: 34/36
 53870 | Zot:5    | Noticed an ancient lich
 53879 | Zot:5    | Killed an ancient lich
 54124 | Zot:5    | Noticed an ancient lich
 54139 | Zot:5    | Killed an ancient lich
 54246 | Zot:5    | Noticed an ancient lich
 54258 | Zot:5    | Killed an ancient lich
 54269 | Zot:5    | Noticed an orb of fire
 54276 | Zot:5    | Gained mutation: Armour fits poorly on your strangely
                  | shaped body. [an orb of fire]
 54282 | Zot:5    | Killed an orb of fire
 54356 | Zot:5    | Lost mutation: You are dopey. (Int -2) [potion of mutation]
 54356 | Zot:5    | Lost mutation: Armour fits poorly on your strangely shaped
                  | body. [potion of mutation]
 54356 | Zot:5    | Gained mutation: You have a pair of large horns on your
                  | head. [potion of mutation]
 54356 | Zot:5    | Gained mutation: Your flesh is heat resistant. (rF+)
                  | [potion of mutation]
 54356 | Zot:5    | Gained mutation: You are partially covered in iridescent
                  | scales. (AC +2) [potion of mutation]
 54559 | Zot:5    | Noticed an orb of fire
 54575 | Zot:5    | Killed an orb of fire
 54636 | Zot:5    | Noticed an orb of fire
 54657 | Zot:5    | Killed an orb of fire
 54688 | Zot:5    | Noticed a dread lich
 54718 | Zot:5    | Killed a dread lich
 55649 | Slime:1  | Entered Level 1 of the Pits of Slime
 55824 | Slime:2  | Paralysed by a formless jellyfish for 1 turns
 56007 | Slime:5  | Entered Level 5 of the Pits of Slime
 56051 | Slime:5  | Noticed the Royal Jelly
 56068 | Slime:5  | Killed the Royal Jelly
 56261 | Slime:5  | Acquired a manual of Evocations
 56274 | Slime:5  | Identified the +2 shortbow "Liesir" {drain, rElec rPois
                  | Str-4 Stlth+}
 56339 | Slime:5  | Identified the ring "Onoirph" {AC+4 Slay+3}
 56343 | Slime:5  | Got a slimy rune of Zot
 56361 | Slime:5  | Identified the +2 robe of the Cricket {Will+}
 56793 | Slime:5  | Identified the amulet "Puhaofi" {Harm ^Drain rElec Regen+}
 56796 | Slime:5  | Identified the +4 falchion of Nirin {pain, Fly Will- Str-3
                  | Dex+8}
 56808 | Slime:5  | Identified the +7 chain mail of New Discoveries {-Cast
                  | Dex+5}
 57586 | Depths:3 | Voluntarily entered the Abyss.
 57746 | Abyss:2  | Found a corrupted altar of Lugonu.
 57763 | Abyss:2  | Gained mutation: Your magical capacity is extremely low.
                  | (-30% MP) [a cacodemon]
 57892 | Abyss:3  | Reached XP level 27. HP: 230/264 MP: 29/32
 58113 | Abyss:3  | Reached skill level 15 in Evocations
 58316 | Abyss:3  | Got an abyssal rune of Zot
 58332 | Depths:3 | Escaped the Abyss
 58394 | Pan      | Entered Pandemonium
 58779 | Pan      | Noticed Beokluq the pandemonium lord
 58794 | Pan      | Killed Beokluq the pandemonium lord
 59172 | Pan      | Found an exit through the horrors of the Abyss.
 59181 | Pan      | Took an exit into the Abyss.
 59181 | Abyss:3  | Escaped into the Abyss
 59194 | Abyss:3  | Found a corrupted altar of Lugonu.
 59223 | Depths:2 | Escaped the Abyss
 59456 | Zot:5    | Got the Orb of Zot
 59629 | Zot:1    | Noticed Zuink the pandemonium lord
 59647 | Zot:1    | Killed Zuink the pandemonium lord
 59779 | Depths:2 | Noticed Erot the pandemonium lord
 60063 | D:8      | Noticed Orekem the pandemonium lord
 60074 | D:8      | Killed Orekem the pandemonium lord
 60268 | D:$      | Escaped with the Orb!

Illustrated notes

Levels and vault maps discovered:
D:1:      moated_graveyard_arrival, layout_loops_corners
D:2:      minmay_chambers_of_ones, layout_basic, basic_altar,
          shapermc_ecumenical_altar_petra
D:3:      layout_rooms, lemuel_round_altar, uniq_ijyb, uniq_jessica,
          uniq_grinder
D:4:      layout_basic, overflow_temple_1_default, makhleb_blood_cavern_becter,
          nzn_wu_jian_contemplation, mainiacjoe_overflow_two_lobes,
          minmay_temple_entry_poolview
D:5:      minmay_goblin_kobold_castle, layout_basic,
          mainiacjoe_overflow_alcove_4
D:6:      layout_rooms, serial_shops, nicolae_shop_drivethru
D:7:      layout_cave_pods, minmay_microvault, uniq_jeremiah
D:8:      layout_gridville, grunt_lair_entry_orc_guard_hut, uniq_erica
D:9:      layout_loops_ring, erik_orc_1, uniq_maurice
D:10:     layout_irregular_city, mainiacjoe_overflow_24_doors,
          mainiacjoe_overflow_alcove_2
D:11:     layout_roguey, ebering_ghost_inner_flame, st_stairs_8,
          cheibriados_altar_1, uniq_lodul
D:12:     layout_loops_corners, nrook_pool_corridor
D:13:     layout_roguey, david_vaults_1
D:14:     layout_irregular_city, nicolae_shop_overcharged_wands
D:15:     grunt_enter_depths_magical_seal, layout_irregular_city,
          biasface_ghost_orc_armoury, lemuel_freeze_loot_1, uniq_rupert
Temple:   hellmonk_temple_divided_pantheon
Lair:1:   layout_regular_city, grunt_megastairs_5
Lair:2:   wander_river, layout_chaotic_city, ebering_ghost_funeral_grove,
          small_statue_intersection, grunt_megastairs_4, uniq_gastronok
Lair:3:   nzn_winding_woodlands_stair_trap [nzn_winding_woodlands_5x15_default,
          nzn_winding_woodlands_5x15_jagged,
          nzn_winding_woodlands_5x15_pathside_ponds,
          nzn_winding_woodlands_15x15_killbox,
          nzn_winding_woodlands_5x15_sawtooth,
          nzn_winding_woodlands_5x15_zeroes,
          nzn_winding_woodlands_5x15_concentric], layout_loops_ring,
          mainiacjoe_shoals_entry_four_pools, spider_nest_entry_rubble,
          nicolae_volcano_entry_lava_flow, portal_ice_cave_entry_ice_simulacra
Lair:4:   layout_cave_pods
Lair:5:   hangedman_lair_caniforms_friends, layout_regular_city,
          guppyfry_lair_end_dragon, slime_entry_1, uniq_urug
Shoals:1: layout_shoals, uniq_nikola
Shoals:2: layout_shoals, uniq_ilsuiw
Shoals:3: layout_shoals, nicolae_shoals_raging_river
Shoals:4: shoals_end_grunt_garden, layout_shoals, uniq_polyphemus
Spider:1: layout_spider_delve
Spider:2: layout_spider_delve, ebering_ghost_reflecting_pool, uniq_frances
Spider:3: layout_spider_delve, uniq_donald, uniq_arachne
Spider:4: guppyfry_spider_rune
Slime:1:  layout_caves
Slime:2:  layout_caves, nicolae_slime_barrier
Slime:3:  layout_caves
Slime:4:  layout_caves
Slime:5:  slime_pit_nicolae_inversion
Orc:1:    cheibrodos_orc_guarddog, layout_caves
Orc:2:    st_orc_rangers, layout_caves, library_closet, nicolae_orc_lava_tube
Elf:1:    layout_geoelf_grid, serial_shops, shop, minmay_elf_demonology,
          hellmonk_sif_muna_bookshelves
Elf:2:    elven_hall_of_blades_hangedman_original [mumra_blade_entry_bloodbath],
          layout_loops_corners, serial_shops, nicolae_take_the_stairs,
          uniq_agnes
Elf:3:    nooodl_elf_gasket, layout_rooms, drop_trap
Vaults:1: hangedman_vaults_nails, vaults_mumra_minichess_inversion,
          nicolae_vaults_murderbox, vaults_dpeg_ring,
          nicolae_vaults_tetromino_Z_1, v_pattern_5,
          nicolae_vaults_network_periphery, nicolae_vaults_spaceships,
          nicolae_vaults_tetromino_Z_1, layout_vaults_omnigrid, serial_shops,
          nicolae_shop_hallway_plus, nicolae_shop_pleasant_corner_grove
Vaults:2: nicolae_vaults_six-pack, nicolae_vaults_trapezoid_layered,
          nicolae_vaults_lightning_bolt, nicolae_vaults_trapezoid_3,
          vaults_dpeg_emergency_exit, ontoclasm_vaults_shuriken,
          vaults_dpeg_encased_lava, nicolae_vaults_more_shelving_1,
          hangedman_vaults_pinch, nicolae_vaults_tetromino_T_1,
          nicolae_vaults_tangram_1, v_misc_2,
          nicolae_vaults_thirteen_compartments, nicolae_vaults_sealed_display,
          layout_vaults_ring, uniq_jory
Vaults:3: grunt_vaults_swirl, nicolae_vaults_stairing_the_circle,
          nicolae_vaults_diamond_2, minmay_crypt_entry_necro_gods,
          vaults_standard_mumra_enter_the_diamond, vaults_standard_mumra_x,
          nicolae_vaults_little_squares_1, nicolae_vaults_ring_of_whatevers,
          nicolae_vaults_heart-shaped_vault, hangedman_vaults_slice,
          ontoclasm_vaults_pinch, vaults_room_semicircle,
          layout_vaults_omnicross, uniq_asterion
Vaults:4: nicolae_vaults_border_crossing, nicolae_vaults_layer_cake_slice,
          nicolae_vaults_house_2, ontoclasm_vaults_chip, v_misc_8,
          nicolae_vaults_doubleplus_tesselated, nicolae_vaults_cochlea,
          nicolae_vaults_six-pack, nicolae_vaults_little_ls,
          hangedman_vaults_nodes, nicolae_vaults_surprise_closet_hard,
          nicolae_vaults_frosty_reception, layout_vaults_maze_bifur,
          serial_shops, nicolae_shop_hallway_plus
Vaults:5
Depths:1: layout_roguey, pf_coc_iceberg, tso_altar,
          gammafunk_ghost_berserking_beasts, elyvilon_altar_1, minmay_shop_grove
Depths:2: minmay_the_grid_triangle_9x9_rhombus_full
          [minmay_the_grid_triangle_9x9_sprig,
          minmay_the_grid_triangle_9x9_odd_lines,
          minmay_the_grid_triangle_9x9_alien,
          minmay_the_grid_triangle_9x9_semitri,
          minmay_the_grid_triangle_9x9_dagger,
          minmay_the_grid_triangle_9x9_stretched_checkered,
          minmay_the_grid_triangle_9x9_flanged_cone,
          minmay_the_grid_triangle_9x9_prize_insulated], layout_honeycomb,
          enter_ziggurat_b, grunt_pan_entry_spiral, grunt_hell_entry_dis_grunt,
          reono_crystal_passage
Depths:3: gammafunk_depths_water_palace, layout_basic, abyss_entry, hell_entry,
          uniq_grunn
Depths:4: grunt_zot_entry_bicorn, layout_cave_shapes, serial_shops,
          nicolae_lakefront_shop, hell_entry, cheibrodos_ashenzari_chains,
          small_chamber_with_monster, guppyfry_shop_blood
Zot:1:    layout_basic, regret_index_zotdec_fiery_em
Zot:2:    layout_misc_corridors, grunt_megastairs_3
Zot:3:    layout_misc_corridors, regret_index_zotdec_magical_s
Zot:4:    layout_gridlike
Zot:5:    layout_gridlike, st_stairs_13, grunt_ministairs_9

Skill      XL: |  1  2  3  4  5  6  7  8  9 10 11 12 13 14 15 16 17 18 19 20 21 22 23 24 25 26 27 |
---------------+----------------------------------------------------------------------------------+-----
Unarmed Combat | 1 3 4 5 6 8 10 11 12 15 16 18 20 22 24 25 26 27 | 27.0
Fighting       | 3 8 10 11 13 16 18 19 20 22 23 24 26 | 26.5
Armour         | 3 5 11 12 13 15 16 18 20 22 25 | 25.8
Shields        | 2 6 8 10 15 19 20 21 | 21.1
Invocations    | 5 10 11 12 14 15 17 19 20 | 20.7
Dodging        | 6 10 12 | 12.1
Evocations     | 7 10 13 17 | 17.0
Stealth        | |  1.5
Spellcasting   | |  1.3
Conjurations   | |  0.6
Earth Magic    | |  2.4

Action                     |  1- 3 |  4- 6 |  7- 9 | 10-12 | 13-15 | 16-18 | 19-21 | 22-24 | 25-27 || total
---------------------------+-------+-------+-------+-------+-------+-------+-------+-------+-------++-------
  Melee: Unarmed           |    88 |   174 |   368 |   567 |  1326 |  1377 |  1317 |  1472 |  1774 ||  8463
         Headbutt          |    14 |    21 |    50 |   124 |   331 |   380 |   404 |   498 |   572 ||  2394
         Punch             |       |     7 |    23 |    10 |       |       |       |       |       ||    40
 Invoke: Upheaval          |       |       |     3 |     2 |    12 |     8 |     4 |     7 |     1 ||    37
         Elemental Force   |       |       |       |       |     2 |     2 |     5 |     1 |     1 ||    11
         Disaster Area     |       |       |       |       |       |       |       |     5 |     1 ||     6
  Evoke: Wand              |       |     4 |       |       |       |       |       |       |       ||     4
         Sack of spiders   |       |       |       |       |       |       |       |       |     1 ||     1
         Phantom mirror    |       |       |       |       |       |       |       |       |     1 ||     1
    Use: Scroll            |       |     1 |     9 |     6 |     6 |    15 |     6 |     3 |    12 ||    58
         Potion            |       |       |     2 |       |       |     8 |       |     5 |    20 ||    35
   Stab: Sleeping          |     1 |       |       |       |       |       |       |       |       ||     1
         Petrified         |       |       |       |       |     4 |     6 |       |       |       ||    10
         Paralysed         |       |       |       |       |     3 |     2 |     6 |       |     1 ||    12
         Distracted        |       |       |       |       |       |     1 |       |       |     1 ||     2
         Petrifying        |       |       |       |       |       |     1 |       |       |       ||     1
         Invisible         |       |       |       |       |       |     1 |       |       |       ||     1
 Armour: Robe              |    44 |       |       |       |       |       |       |       |       ||    44
         Leather armour    |     1 |     5 |       |       |       |       |       |       |       ||     6
         Scale mail        |       |    16 |       |       |       |       |       |       |       ||    16
         Chain mail        |       |   110 |   280 |   389 |   846 |    64 |       |       |       ||  1689
         Plate armour      |       |       |       |       |       |   910 |   591 |   730 |   528 ||  2759
  Dodge: Dodged            |    55 |    52 |   120 |   130 |   378 |   326 |   175 |   217 |   200 ||  1653
         Repelled          |       |       |       |     3 |    10 |    17 |    16 |    17 |    19 ||    82
  Block: Other             |       |       |    28 |    21 |       |       |       |       |       ||    49
         Buckler           |       |       |       |   173 |   684 |     6 |       |       |       ||   863
         Kite shield       |       |       |       |       |       |  1523 |   236 |       |       ||  1759
         Tower shield      |       |       |       |       |       |       |  1049 |  1419 |  1615 ||  4083

Table legend: (Time is in decaauts)
 A = Elapsed time spent in this place.
 B = Non-inter-level travel time spent in this place.
 C = Inter-level travel time spent in this place.
 D = Time resting spent in this place.
 E = Time spent auto-exploring this place.
 F = Levels seen in this place.
 G = Mean time per level.
                   A        B        C        D        E       F      G
               +--------+--------+--------+--------+--------+-----+--------+
         Total |  57926 |  51540 |   6386 |  11291 |  26450 |  60 |  965.4 |
       Dungeon |  14986 |  12683 |   2303 |   1431 |   8152 |  15 |  999.1 |
        Temple |     54 |     32 |     22 |      0 |      0 |   1 |   54.0 |
          Lair |   7484 |   6266 |   1218 |   1429 |   3323 |   5 | 1496.8 |
        Shoals |   4105 |   3861 |    244 |   1262 |   1558 |   4 | 1026.2 |
   Spider Nest |   3705 |   3564 |    141 |   1031 |   1650 |   4 |  926.2 |
    Slime Pits |   1383 |   1266 |    117 |    370 |    535 |   5 |  276.6 |
  Orcish Mines |   1300 |   1130 |    170 |    174 |    712 |   2 |  650.0 |
   Elven Halls |   3799 |   3630 |    169 |   1090 |   1552 |   3 | 1266.3 |
        Vaults |   6781 |   6278 |    503 |    821 |   3690 |   5 | 1356.2 |
        Depths |   6469 |   5550 |    919 |   1780 |   2394 |   4 | 1617.2 |
           Zot |   5905 |   5330 |    575 |   1281 |   2508 |   5 | 1181.0 |
         Abyss |    675 |    675 |      0 |     74 |    155 |   4 |  168.8 |
   Pandemonium |    669 |    669 |      0 |    300 |     73 |   2 |  334.5 |
       Volcano |    604 |    604 |      0 |    245 |    146 |   1 |  604.0 |
               +--------+--------+--------+--------+--------+-----+--------+

Top non-repeatable levels by time:
Depths:3: 1964 daAuts
Depths:2: 1949 daAuts
  Lair:5: 1831 daAuts
   Zot:5: 1773 daAuts
  Lair:3: 1746 daAuts
Vaults:1: 1674 daAuts
Vaults:5: 1657 daAuts
   Elf:2: 1640 daAuts
Shoals:3: 1618 daAuts
Depths:4: 1524 daAuts
  Lair:1: 1502 daAuts
     D:5: 1470 daAuts
Vaults:2: 1330 daAuts
Spider:3: 1322 daAuts
    D:13: 1312 daAuts
